[Event "*** Titled Tuesday Blitz"]
[Site "Chess.com"]
[Date "2019.08.06"]
[Round "8"]
[White "Frolik67"]
[Black "marianokar"]
[Result "1/2-1/2"]
[WhiteElo "2604"]
[BlackElo "2447"]
[TimeControl "180+2"]
[EndTime "14:57:30 PDT"]
[Termination "Game drawn - insufficient material"]

1. e4 c5 2. d4 e6 3. Nf3 cxd4 4. c3 dxc3 5. Nxc3 a6 6. Bc4 Qc7 7. Qe2 Nc6 8. O-O Nf6 9. Bg5 Ng4 10. Rfd1 Bc5 11.
Bh4 b5 12. Bb3 O-O 13. Bg3 d6 14. Rac1 Nge5 15. Nxe5 Nxe5 16. Bxe5 dxe5 17. Qh5 Qb6 18. Rd3 Bxf2+ 19. Kh1 Be3 20. Rf1 g6 21. Qxe5 Bh6 22.
Rd6 Qb8 23. Qc5 Ra7 24. e5 Rc7 25. Qd4 Qa7 26. Qd3 Qc5 27. Qg3 Bg7 28. Re1 Bb7 29. h3 b4 30. Na4 Qb5 31. Nb6 Rc6 32. Rxc6 Qxc6 33. Nc4 Qc5 34. Nd6 Bc6 35. Qf4 a5 36. Nxf7 Rxf7 37. Bxe6 Qe7 38. Bxf7+ Qxf7 39. Qg4 Qd5 40.
Rc1 Bd7 41. e6 Qxe6 42. Qf3 h5 43. b3 Kh7 44. Kh2 Qe5+ 45. Kh1 Bf5 46. Rf1 Qe4 47. Qf2 Bxh3 48. Re1 Qc6 49. Re7 Qd5 50. Ra7 Bxg2+ 51. Qxg2 Qd1+ 52. Kh2 Kh6 53. Rf7 Be5+ 54. Kh3 Qd3+ 55.
Qf3 Qxf3+ 56. Rxf3 g5 57. Rf5 Bf4 58. Rxa5 Kg6 59.
Rb5 Bd2 60. Rd5 g4+ 61. Kg2 Bc3 62. Rc5 h4 63. a4 Bd4 64. Rc4 h3+ 65. Kg3 Be5+ 66.
Kxg4 h2 67. Rc1 Bd4 68. Rh1 Bg1 69. Kf4 Kf6 70. Ke4 Ke6 71. a5 Kd6 72. Kd3 Kc5 73. a6 Kb6 74. Kc4 Kxa6 75. Kxb4 Kb6 76. Kc4 Kc6 77. b4 Kb6 78. b5 Kb7 79. Kb4 Kb6 80. Ka4 Kb7 81. Ka5 Ka7 82. Ka4 Kb6 83. Kb4 Kb7 84. Kc4 Kb6 85. Kb4 Kb7 86. Ka5 Ka7 87. b6+ Bxb6+ 88. Kb5 Bg1 89. Kc6 Ka6 90. Rxh2 Bxh2 1/2-1/2

[Event "*** Titled Tuesday Blitz"]
[Site "Chess.com"]
[Date "2019.08.06"]
[Round "8"]
[White "gemarin"]
[Black "2165149677570"]
[Result "1/2-1/2"]
[WhiteElo "2091"]
[BlackElo "2300"]
[TimeControl "180+2"]
[EndTime "14:57:38 PDT"]
[Termination "Game drawn - insufficient material"]

1. d4 Nf6 2. c4 b6 3. Nc3 Bb7 4. Qc2 d5 5. cxd5 Nxd5 6. e4 Nxc3 7. bxc3 e6 8. Nf3 Be7 9. Bb5+ c6 10. Bd3 c5 11.
Bb5+ Bc6 12. Qa4 Qd7 13. Bxc6 Nxc6 14. O-O O-O 15. Rd1 cxd4 16. cxd4 Rfd8 17. Bf4 Bf6 18. e5 Nxe5 19. Qb3 Nxf3+ 20. Qxf3 Rac8 21. Rab1 Qd5 22. Qa3 Bxd4 23. Be3 Bc5 24. Qa4 Qh5 25. Bxc5 Qxc5 26. Qxa7 h6 27. h3 Rxd1+ 28. Rxd1 b5 29. Qa6 Kh7 30.
a4 b4 31. Rb1 Rb8 32. a5 b3 33. Qd3+ Qf5 34. Qxf5+ exf5 35. a6 g5 36. a7 Ra8 37.
Rxb3 Rxa7 38. Rb6 Ra2 39. g3 Kg7 40. Kg2 f6 41. g4 f4 42. Rb7+ Kg6 43. Rb8 Ra3 44.
Rg8+ Kh7 45. Rb8 Kg6 46. Rh8 Kg7 47. Rc8 Ra5 48. Rc7+ Kg6 49. Rc8 f5 50. Rc6+ Kg7 51.
Rb6 fxg4 52. hxg4 Ra7 53. Rc6 Re7 54. Rb6 Rf7 55. Rc6 Rf6 56. Rc8 Kg6 57. Rg8+ Kf7 58. Rb8 Ke6 59. Rb5 Kf7 60. Rc5 Kg6 61. Rb5 h5 62.
gxh5+ Kxh5 63. Rb8 Kg4 64. f3+ Kf5 65. Rb5+ Kg6 66.
Kh3 Kh5 67. Rb8 Ra6 68. Rh8+ Rh6 69. Rb8 g4+ 70. fxg4+ Kg5+ 71. Kg2 Kxg4 72. Rg8+ Kf5 73. Rf8+ Ke4 74. Re8+ Kd3 75. Kf3 Kd4 76. Re4+ Kd5 77.
Rxf4 Ke5 78. Rf8 Rf6+ 79. Rxf6 Kxf6 1/2-1/2

[Event "*** Titled Tuesday Blitz"]
[Site "Chess.com"]
[Date "2019.08.06"]
[Round "8"]
[White "vpsetter"]
[Black "cancrushyou"]
[Result "1-0"]
[WhiteElo "2644"]
[BlackElo "2507"]
[TimeControl "180+2"]
[EndTime "14:57:48 PDT"]
[Termination "vpsetter won by resignation"]

1. e4 e6 2. d4 d5 3. Nc3 Bb4 4. exd5 exd5 5. Bd3 Nf6 6. Ne2 O-O 7. O-O c6 8. Ng3 Re8 9. Nce2 Nbd7 10. c3 Bd6 11.
Bf4 Nf8 12. Bxd6 Qxd6 13. Qc2 Ng6 14. Rae1 Bd7 15. Bxg6 hxg6 16. Nc1 Rxe1 17. Rxe1 Re8 18. Rxe8+ Nxe8 19. Qe2 Qe6 20. Nd3 Qxe2 21. Nxe2 f6 22. f3 Kf7 23. Kf2 Nd6 24. g4 g5 25. Kg3 Bc8 26.
Nec1 Ke7 27. Nb3 b6 28. Nd2 Ba6 29. Nf2 Nc4 30. Nxc4 Bxc4 31. b3 Be2 32. f4 Ke6 33. h4 gxh4+ 34. Kxh4 Bf3 35. b4 Be2 36. Nh1 Bf3 37.
Ng3 g6 38. f5+ gxf5 39. Nxf5 Be4 40. Ng3 Bf3 41. Nh5 Kf7 42. Kg3 Be4 43. Kf4 Bg6 44.
Ng3 Ke6 45. Nf1 Bd3 46. Ne3 Bg6 47. Kg3 Be4 48. Nd1 Bg6 49. Nf2 Bc2 50. Nh3 Be4 51. Kh4 Bb1 52. a3 Bc2 53. Kh5 Kf7 54. Nf4 Be4 55.
Kh6 Bc2 56. g5 fxg5 57. Kxg5 Be4 58. Nh5 Ke7 59. Kf4 Ke6 60. Ng3 Bd3 61. Nh1 Bc2 62.
Nf2 Bb1 63. Ng4 Bf5 64. Ne5 c5 65. dxc5 bxc5 66. bxc5 Bc2 67. Nc6 d4 68. Nxd4+ Kd5 69. Nxc2 Kxc5 1-0

[Event "*** Titled Tuesday Blitz"]
[Site "Chess.com"]
[Date "2019.08.06"]
[Round "8"]
[White "BlitzWizard04"]
[Black "Chigorinetz"]
[Result "1-0"]
[WhiteElo "2512"]
[BlackElo "2597"]
[TimeControl "180+2"]
[EndTime "14:57:52 PDT"]
[Termination "BlitzWizard04 won by resignation"]

1. d4 d5 2. c4 Nc6 3. Nf3 Bg4 4. cxd5 Bxf3 5. gxf3 Qxd5 6. e3 e5 7. Nc3 Bb4 8. Bd2 Bxc3 9. bxc3 Qd6 10. Rb1 O-O-O 11. Bd3 Nge7 12. Qa4 f5 13. Ke2 Rhf8 14. Rb5 Nd5 15.
Rhb1 Nb6 16. Qb3 f4 17. Be4 fxe3 18. fxe3 exd4 19. cxd4 Qxh2+ 20. Kd3 Nxd4 21. exd4 Rxd4+ 22. Kxd4 Rd8+ 23. Rd5 Qxd2+ 24. Kc5 Nxd5 25. Qxb7+ Kd7 26. Qxd5+ Qxd5+ 27. Bxd5 Rf8 28. Rb7 h5 29. Rxa7 Rf5 30. Ra8 h4 31. Kd4 Rh5 32. Rb8 Kd6 33. Be4 h3 34. Rb1 Ra5 35. Rb2 g5 36. Rh2 Ra4+ 37.
Ke3 g4 38. fxg4 Ke5 39. Bf5 Ra3+ 40. Kf2 Kf4 41. Kg1 Kg3 42. Rb2 Ra5 43. Rb3+ Kf4 44. a3 c5 45. Rxh3 Rb5 46. Rc3 Ke5 47. a4 Ra5 48.
Rc4 Kd5 49. Bd3 Ra7 50. Rf4 Re7 51. Bc4+ Ke5 52. Rf2 Kd4 53. Rc2 Re4 54. Be2 Ke3 55. a5 c4 56. a6 c3 57. Kf1 Rf4+ 58. Ke1 Ra4 59. Rxc3+ Kd4 60. Rc7 Ke3 61. Re7+ Kd4 62. Kf2 Ra3 63. a7 Kc5 64. Bf3 Kd6 65. Rh7 Rxa7 66.
Rxa7 1-0

[Event "*** Titled Tuesday Blitz"]
[Site "Chess.com"]
[Date "2019.08.06"]
[Round "8"]
[White "Bigfish1995"]
[Black "eljanov"]
[Result "1-0"]
[WhiteElo "3050"]
[BlackElo "2815"]
[TimeControl "180+2"]
[EndTime "14:58:08 PDT"]
[Termination "Bigfish1995 won on time"]

1. e4 c6 2. Nf3 d5 3. Nc3 dxe4 4.
Nxe4 Nf6 5. Qe2 Nxe4 6. Qxe4 Be6 7. c4 Nd7 8. Ng5 Nf6 9. Nxe6 Nxe4 10. Nxd8 Rxd8 11.
b4 e6 12. a3 Be7 13. Be2 O-O 14. Ra2 Rd7 15. f3 Nd6 16. g4 Rfd8 17. d3 Bf6 18. h4 Ne8 19. Kf2 Nc7 20. Rd1 Bxh4+ 21. Kg2 e5 22.
Rh1 Be7 23. Rh5 Bf6 24. g5 Be7 25. f4 exf4 26. Bxf4 Ne6 27. Be3 g6 28. Rh4 Bxg5 29. Bxg5 Nxg5 30. a4 Re8 31. b5 c5 32. Kf2 Kg7 33. a5 Rd6 34. Rg4 h6 35. Rg3 f5 36.
Bf1 f4 37. Rg4 Rf6 38. Re2 Rxe2+ 39. Bxe2 b6 40. a6 Ne6 41. Bf3 Nd4 42. Bd5 g5 43.
Rg1 Nf5 44. Kf3 Ne3 45. Ke4 Kg6 46. d4 cxd4 47. Kxd4 h5 48. Be4+ Kh6 49. c5 bxc5+ 50. Kxc5 g4 51. Re1 h4 52. Bc6 h3 53. b6 axb6+ 54.
Kxb6 Nd5+ 55. Kc5 Rxc6+ 56. Kxc6 Nb4+ 57. Kd6 Nxa6 58. Ke5 f3 59. Kf4 f2 60. Rf1 Kh5 61.
Rxf2 Nc5 62. Rd2 Ne6+ 63. Kg3 Ng5 64. Rd5 h2 65. Kxh2 Kh4 66. Kg2 Nf3 67. Kf2 Ng5 68. Ke3 Nh3 69. Rf5 Kg3 70. Rf8 Kh2 71. Rg8 g3 72.
Kf3 Ng1+ 73. Kg4 Kg2 74. Ra8 Nh3 75. Ra2+ Nf2+ 76. Kf4 Kh2 77. Kf3 Kh3 78. Ra8 Kh2 79. Rg8 Nh1 80. Rh8+ Kg1 81. Rh7 1-0

[Event "*** Titled Tuesday Blitz"]
[Site "Chess.com"]
[Date "2019.08.06"]
[Round "8"]
[White "MFguimaraes"]
[Black "Vadim_Biliy"]
[Result "1/2-1/2"]
[WhiteElo "2272"]
[BlackElo "2209"]
[TimeControl "180+2"]
[EndTime "14:58:40 PDT"]
[Termination "Game drawn - insufficient material"]

1. e4 d6 2. d4 Nf6 3. Nc3 g6 4. f4 Bg7 5. Nf3 O-O 6. e5 Nfd7 7. h4 c5 8. h5 cxd4 9. Qxd4 Nc6 10. Qf2 Re8 11.
hxg6 hxg6 12. Be3 dxe5 13. O-O-O Qa5 14. Rd5 Qc7 15. fxe5 Nf8 16. Ng5 Be6 17. Nxe6 Nxe6 18. Bc4 Nxe5 19. Bb3 Ng4 20. Qf3 Nxe3 21. Qxe3 Qf4 22.
Qxf4 Nxf4 23. Rd7 Rab8 24. Rf1 Bh6 25. Kb1 g5 26. g3 Ne6 27. Nd5 Bf8 28. Nc7 Red8 29.
Bxe6 fxe6 30. Rxd8 Rxd8 31. Nxe6 Rc8 32. Nxg5 Bg7 33.
Ne6 Bf6 34. g4 Rc6 35. Nf4 Rb6 36. b3 Rd6 37. Nd3 Bc3 38. Rf4 b5 39. a4 a6 40.
Ka2 Rh6 41. axb5 axb5 42. b4 Rh4 43. Kb3 Bd2 44. Rf2 Be3 45. Re2 Bg5 46. Re4 Kf7 47. Ne5+ Ke8 48. Nf3 Rh3 49. Re5 Rxf3+ 50. Ka2 Bf6 51.
Rxb5 Rf4 52. g5 Bc3 53. Kb3 Bd2 54. g6 Rg4 55. Rb6 Bh6 56. c4 Bg7 57. Rc6 Bf6 58. b5 Kd7 59. Rc5 Rxg6 60. b6 Rg3+ 61. Ka4 Bd4 62.
Rd5+ Kc6 63. Rxd4 Kxb6 64. Re4 Rg7 65. Kb4 Kc6 66. Re6+ Kd7 67. Ra6 Rg1 68. Kc5 Rg5+ 69. Kb4 Rg1 70. Rh6 Rg5 71. Kc3 e6 72. Kd4 Kd6 73. c5+ Kd7 74. Kc4 Rg1 75. Rh8 Rc1+ 76. Kd4 Rd1+ 77. Kc4 Rc1+ 78. Kb4 Kc6 79. Rc8+ Kd5 80.
Rd8+ Ke5 81. Kb5 Rb1+ 82. Ka6 Ke4 83. c6 Rc1 84. Kb7 e5 85. c7 Ke3 86. c8=Q Rxc8 87. Rxc8 e4 88. Kc6 Kd2 89. Rd8+ Kc2 90. Re8 Kd3 91.
Rd8+ Kc2 92. Kd5 e3 93. Re8 Kd2 94. Kc4 e2 95. Rd8+ Kc2 96. Re8 Kd2 97. Kd4 e1=Q 98.
Rxe1 Kxe1 1/2-1/2

[Event "*** Titled Tuesday Blitz"]
[Site "Chess.com"]
[Date "2019.08.06"]
[Round "8"]
[White "payto1"]
[Black "mikhaillushenkov"]
[Result "1/2-1/2"]
[WhiteElo "2357"]
[BlackElo "2683"]
[TimeControl "180+2"]
[EndTime "14:58:42 PDT"]
[Termination "Game drawn - insufficient material"]

1. d4 Nf6 2. Bg5 d5 3. Bxf6 exf6 4. e3 c6 5. c4 dxc4 6. Bxc4 f5 7. Nc3 Bd6 8. Nf3 O-O 9. O-O Nd7 10. a3 a5 11.
Rc1 Nf6 12. Qe2 g6 13. Rfd1 Qe7 14.
d5 c5 15. Nb5 a4 16. Nxd6 Qxd6 17. Nd2 Ne4 18. Bb5 Nxd2 19. Rxd2 b6 20. Qc4 Bd7 21. Bxd7 Qxd7 22. d6 Rae8 23. Rcd1 Re4 24. Qa6 Rb8 25.
Rd5 f4 26. Qd3 Rbe8 27. Re1 f5 28. Qc3 h5 29. Rdd1 Kf7 30. b3 fxe3 31. Rxe3 Rxe3 32. fxe3 axb3 33. Qxb3+ Qe6 34. Qd3 Rd8 35. Kf2 Rd7 36. a4 Qa2+ 37. Rd2 Qxa4 38. Qd5+ Kf6 39. Qg8 Qh4+ 40. Ke2 Qe4 41. Qf8+ Kg5 42. Kf2 h4 43. Qc8 Qe6 44. Qc6 c4 45. Rd4 c3 46. Qxc3 Rxd6 47. Qb4 Rxd4 48. exd4 Qe4 49. Qxb6 Qf4+ 50. Kg1 Qe3+ 51.
Kf1 Qd3+ 52. Kf2 Qd2+ 53. Kf1 h3 54. Qd8+ Kg4 55. gxh3+ Kf3 56. Qd5+ Kf4 57. Qe5+ Kg5 58. Qg3+ Kf6 59. Qf2 Qd3+ 60. Kg1 Qd1+ 61. Kg2 Qd3 62. h4 Qe4+ 63. Kg1 Ke6 64. Qa2+ Qd5 65. Qa6+ Kf7 66. Qb6 Qf3 67. Qc7+ Kg8 68. Qd8+ Kh7 69. Qe7+ Kh6 70. Qf8+ Kh5 71. Qf6 Qe3+ 72. Kg2 Qe2+ 73. Kg1 Qg4+ 74.
Kf2 Qf4+ 75. Kg2 Qe4+ 76. Kf2 Qc2+ 77. Kg1 Qd1+ 78. Kg2 Qe2+ 79. Kg1 Qg4+ 80. Kf2 Qxh4+ 81. Qxh4+ Kxh4 82. d5 Kg5 83. Kf3 Kf6 84. d6 Ke6 85.
Kf4 Kxd6 86. h4 Ke6 87. Kg5 Ke5 88. Kxg6 f4 89. h5 f3 90. h6 f2 91. h7 f1=Q 92. h8=Q+ Ke4 93. Qe8+ Kf3 94. Qf7+ Kg2 95. Qxf1+ Kxf1 1/2-1/2

[Event "*** Titled Tuesday Blitz"]
[Site "Chess.com"]
[Date "2019.08.06"]
[Round "8"]
[White "ArnaudovP"]
[Black "Tjktiger"]
[Result "0-1"]
[WhiteElo "2673"]
[BlackElo "2832"]
[TimeControl "180+2"]
[EndTime "14:59:46 PDT"]
[Termination "Tjktiger won by resignation"]

1. Nf3 c5 2. c4 g6 3. d4 cxd4 4. Nxd4 Bg7 5. e4 Nc6 6. Be3 d6 7. Nc3 Qb6 8. Nb3 Bxc3+ 9. bxc3 Qc7 10. Be2 Nf6 11. f3 O-O 12. O-O b6 13. a4 Be6 14.
Nd4 Na5 15. Nxe6 fxe6 16. Bh6 Rf7 17. Kh1 Rc8 18. Re1 Qc5 19. Bf1 Nxc4 20. Qb3 Nd7 21. Rad1 Nde5 22. Bc1 a6 23. h3 b5 24. f4 Nc6 25.
axb5 axb5 26. Bd3 Rcf8 27. Qb1 Kg7 28. Qb3 Ra8 29. Qb1 Rb8 30. Qb3 Rff8 31. Rf1 N6a5 32. Qc2 Ne3 33. Bxe3 Qxe3 34. Qa2 Nc4 35. Bxc4 bxc4 36.
Qxc4 Rxf4 37. Rxf4 Qxf4 38. Qxe6 Qf6 39. Qc4 Rf8 40.
Qd4 Qxd4 41. cxd4 Rf2 42. e5 dxe5 43. dxe5 Re2 44. Rd5 Kf7 45. Kg1 Ke6 46. Rd8 Rxe5 47. Kf2 Rf5+ 48. Ke3 Rf7 49. g4 Kf6 50. Kf4 Kg7+ 51.
Kg3 Kf6 52. Kf4 h6 53. h4 Kg7+ 54. Kg3 Rf6 55. Re8 Re6 56. Kf4 Re1 57. Ra8 Rf1+ 58. Kg3 Kf7 59. Rh8 Kg7 60. Re8 Re1 61. Kf2 Re6 62.
Kf3 g5 63. hxg5 hxg5 64. Ra8 Rf6+ 65. Kg3 Rf4 66. Ra5 Kf6 67. Ra6+ e6 68. Ra8 Rb4 69.
Rf8+ Ke5 70. Rg8 Rb3+ 71. Kf2 Kf4 72. Rf8+ Kxg4 73. Rf6 e5 74. Rf8 e4 75. Ke2 Rf3 76. Re8 Rf4 77. Ke3 Kg3 78. Ra8 Rf1 79. Kxe4 g4 80. Rg8 Kh3 81. Ke3 g3 82. Rh8+ Kg2 83. Ke2 Rf5 84. Rh7 Kg1 85. Ke1 Re5+ 86. Kd2 g2 87. Rh6 Kf2 88. Rf6+ Kg3 89. Rg6+ Kf2 90. Rf6+ Kg3 91. Rg6+ Kf3 92. Rg8 Re4 93. Rf8+ Rf4 94. Rg8 Rg4 95. Rf8+ Kg3 0-1

[Event "*** Titled Tuesday Blitz"]
[Site "Chess.com"]
[Date "2019.08.06"]
[Round "8"]
[White "Etoilegeniale"]
[Black "WPWPWP-2015"]
[Result "1/2-1/2"]
[WhiteElo "2522"]
[BlackElo "2422"]
[TimeControl "180+2"]
[EndTime "15:00:05 PDT"]
[Termination "Game drawn by agreement"]

1. e4 e5 2. Nf3 Nc6 3. Bc4 Nf6 4.
d3 Be7 5. O-O O-O 6. Re1 d6 7.
a4 Na5 8. Ba2 Be6 9. Bxe6 fxe6 10. b4 Nc6 11. c3 Qd7 12. Nbd2 a6 13. Nf1 b5 14. Ng3 Rfb8 15. Bd2 Nd8 16. Qb3 c6 17. h3 h6 18. Nh4 Kh7 19. Nf3 Ra7 20. d4 exd4 21. cxd4 Nf7 22. e5 dxe5 23. dxe5 Nd5 24. Ne4 bxa4 25. Rxa4 Kg8 26. Qd3 Nxb4 27. Qxd7 Rxd7 28.
Rb1 c5 29. Be3 Rd5 30. Nc3 Rd3 31. Ne4 Rc8 32. Bxc5 Bxc5 33. Nxc5 Rxc5 34. Rbxb4 Nxe5 35. Nxe5 Rxe5 36. Rxa6 Rd7 37. Rf4 Kh7 38. h4 Re7 39. g3 Rd7 40. Kg2 h5 41. Ra8 Kg6 42. Re8 Rf7 43.
Kf3 Rxf4+ 44. Kxf4 Rf5+ 45. Ke3 Re5+ 46. Kd3 Kf7 47.
Ra8 Rb5 48. Ra7+ Kf6 49. Ke3 Rb3+ 50. Ke2 g6 51. Kf1 Rb2 52. Kg2 Rc2 53. Ra4 Rc3 54. Rf4+ Ke7 55. Rf3 Rc2 56. Rf4 Rc3 57. Kf1 Rc2 58. Ke1 Ra2 59. Re4 Kf6 60. Re2 Ra3 61.
Rd2 Kf5 62. Ke2 e5 63. Rd8 Kf6 64. Rf8+ Ke7 65. Rb8 Kf6 66. Kf1 Ra2 67. Kg2 e4 68. Re8 Kf5 69. Kf1 Ra1+ 70. Kg2 Ra2 71. Rf8+ Ke5 72.
Rf7 Rb2 73. Rf8 Rc2 74. g4 hxg4 75. Kg3 Rc1 76. Re8+ Kf5 77. Rf8+ Ke5 78. Kxg4 Rg1+ 79. Kh3 Rh1+ 80. Kg3 Rg1+ 81. Kh2 Rg4 82. Kh3 Rg1 83. Re8+ Kf5 84. Rf8+ Ke5 85. Rf7 Rh1+ 86. Kg3 Rg1+ 87. Kh2 Rg4 88. Kh3 Rf4 89. Re7+ Kf6 90. Re8 Kf7 91.
Re5 Rxf2 92. Rxe4 Rf5 93. Kg4 Ra5 94. Rb4 Kg7 95. Rb6 Rc5 96. Rb4 Kh6 97. Re4 Ra5 98. Kf4 Ra1 99. Re8 Rf1+ 100. Kg4 Rg1+ 101. Kh3 Rh1+ 102. Kg3 Rg1+ 103. Kh2 Ra1 104. Kg3 Ra3+ 105. Kg4 Ra4+ 106. Kg3 Ra3+ 107. Kg4 Ra1 108. Rh8+ Kg7 109. Rb8 Rg1+ 110. Kf4 Kh6 111. Rb7 Ra1 112. Kg4 Ra4+ 113. Kg3 Ra3+ 1/2-1/2

[Event "*** Titled Tuesday Blitz"]
[Site "Chess.com"]
[Date "2019.08.06"]
[Round "9"]
[White "Saloni1299"]
[Black "Ceejay271"]
[Result "0-1"]
[WhiteElo "2037"]
[BlackElo "2284"]
[TimeControl "180+2"]
[EndTime "15:01:28 PDT"]
[Termination "Ceejay271 won by resignation"]

1. e4 c5 2. Nf3 d6 3. d4 cxd4 4. Nxd4 Nf6 5. Nc3 Nc6 6. Bg5 Bd7 7. Qd2 h6 8. Be3 Ng4 9. Bf4 Nxd4 10. Qxd4 e5 11. Qd2 exf4 0-1

[Event "*** Titled Tuesday Blitz"]
[Site "Chess.com"]
[Date "2019.08.06"]
[Round "9"]
[White "PNEPaul"]
[Black "Triumphmate"]
[Result "0-1"]
[WhiteElo "1749"]
[BlackElo "2289"]
[TimeControl "180+2"]
[EndTime "15:02:08 PDT"]
[Termination "Triumphmate won by resignation"]

1. e4 d5 2. Nf3 dxe4 3. Ng5 e5 4.
Nxe4 f5 5. Nec3 Bc5 6. Qe2 Nc6 7. Qb5 Qd6 8. Be2 Nf6 9. O-O O-O 10. d3 Nd4 11. Qc4+ Be6 0-1

[Event "*** Titled Tuesday Blitz"]
[Site "Chess.com"]
[Date "2019.08.06"]
[Round "9"]
[White "ClockworkKubrick"]
[Black "kinga2008"]
[Result "1-0"]
[WhiteElo "2175"]
[BlackElo "1923"]
[TimeControl "180+2"]
[EndTime "15:03:37 PDT"]
[Termination "ClockworkKubrick won by checkmate"]

1. e4 c5 2. Nf3 d6 3. Nc3 Nc6 4. Bb5 Nf6 5. O-O g6 6. d3 Bg7 7. Be3 O-O 8. Bxc6 bxc6 9. Qd2 Ng4 10. Bf4 Bd7 11. h3 Nf6 12. Bh6 Qb6 13. Bxg7 Kxg7 14. b3 d5 15. e5 Ne8 16. Rae1 e6 17. Nh2 Qb4 18. Ng4 Rh8 19. Qh6+ Kg8 20. Nf6+ Nxf6 21. exf6 Qxc3 22. Qg7# 1-0

[Event "*** Titled Tuesday Blitz"]
[Site "Chess.com"]
[Date "2019.08.06"]
[Round "9"]
[White "imdvb6307"]
[Black "Iyael"]
[Result "1-0"]
[WhiteElo "2386"]
[BlackElo "2144"]
[TimeControl "180+2"]
[EndTime "15:03:42 PDT"]
[Termination "imdvb6307 won by resignation"]

1. c4 Nf6 2. Nc3 g6 3. Nf3 Bg7 4. e4 d6 5. d4 O-O 6. Be2 e5 7. O-O Nc6 8. d5 Ne7 9. Ne1 Nd7 10. f3 f5 11. g4 f4 12. h4 a5 13.
Nd3 b6 14. Kg2 Nc5 15. Bd2 Rf7 16. Be1 Bf8 17. b3 h5 18. g5 Bd7 19. Bf2 Qc8 20. Rh1 Qb7 21. a3 Be8 22. b4 axb4 23. axb4 Rxa1 24. Qxa1 Nxd3 25. Bxd3 Nc8 26. Bc2 Rd7 27.
Ba4 Rd8 28. Bxe8 Rxe8 29. Qa4 Ne7 30. Qxe8 1-0

[Event "*** Titled Tuesday Blitz"]
[Site "Chess.com"]
[Date "2019.08.06"]
[Round "9"]
[White "adriangschnitzer"]
[Black "Evgeny81"]
[Result "0-1"]
[WhiteElo "2559"]
[BlackElo "2581"]
[TimeControl "180+2"]
[EndTime "15:04:09 PDT"]
[Termination "Evgeny81 won by resignation"]

1. e4 e5 2. Nf3 Nc6 3. Bc4 Bc5 4. O-O Nf6 5. d4 Bxd4 6. Nxd4 Nxd4 7. f4 d6 8. fxe5 dxe5 9. Bg5 Qe7 10. Na3 Bd7 11.
Qe1 h6 12. Be3 Be6 13. Qa5 Bxc4 14. Nxc4 b6 15. Qxe5 Qxe5 16. Nxe5 Nxc2 17. Bf4 Nxa1 18. Rxa1 O-O 19. Re1 Rfe8 20. h3 Re6 21. Rc1 c5 0-1

[Event "*** Titled Tuesday Blitz"]
[Site "Chess.com"]
[Date "2019.08.06"]
[Round "9"]
[White "aquaticpineapples"]
[Black "ChessyInstinct"]
[Result "0-1"]
[WhiteElo "2136"]
[BlackElo "2365"]
[TimeControl "180+2"]
[EndTime "15:04:18 PDT"]
[Termination "ChessyInstinct won by checkmate"]

1. d4 d5 2. Nf3 c6 3. c4 Nf6 4.
Nc3 e6 5. Bg5 Nbd7 6. e3 Bb4 7.
Bd3 Qa5 8. Qc2 Ne4 9. Bxe4 dxe4 10. Qxe4 Bxc3+ 11. bxc3 Qxc3+ 12. Ke2 Qxc4+ 13. Qd3 Qa4 14. Rhc1 b6 15. Ne5 Nxe5 16. Qe4 Ba6+ 17. Kd2 Qb4+ 18.
Kd1 Qa4+ 19. Kd2 Nc4+ 20. Ke1 Qa5+ 21. Ke2 Nd6+ 22. Kf3 Nxe4 23. Kxe4 Qf5# 0-1

[Event "*** Titled Tuesday Blitz"]
[Site "Chess.com"]
[Date "2019.08.06"]
[Round "9"]
[White "RegZryt"]
[Black "Padenie_Zvezd"]
[Result "0-1"]
[WhiteElo "2610"]
[BlackElo "2808"]
[TimeControl "180+2"]
[EndTime "15:04:19 PDT"]
[Termination "Padenie_Zvezd won by resignation"]

1. e4 Nf6 2. e5 Ng8 3. d4 Nc6 4. Nf3 Nb8 5. c4 Nc6 6. d5 Nb8 7. Nc3 Na6 8. Bd3 Nb8 9. O-O g6 10. Bg5 Bg7 11. Qd2 d6 12. exd6 cxd6 13. Rfe1 Nf6 14.
Bh6 O-O 15. Bxg7 Kxg7 16. Ne4 Nbd7 17. Neg5 Nc5 18. Bc2 a5 19. b3 h6 20. Ne4 Ncxe4 21. Bxe4 Bg4 22. Nd4 Qb6 23. h3 Bd7 24. Re3 Qb4 25.
Qd3 a4 26. Rae1 axb3 27. axb3 Ra2 28. Rg3 Qxe1+ 0-1

[Event "*** Titled Tuesday Blitz"]
[Site "Chess.com"]
[Date "2019.08.06"]
[Round "9"]
[White "tteshan"]
[Black "minnesotachessmaster"]
[Result "1/2-1/2"]
[WhiteElo "2164"]
[BlackElo "1950"]
[TimeControl "180+2"]
[EndTime "15:04:36 PDT"]
[Termination "Game drawn by agreement"]

1. d4 e6 2. c4 Nf6 3. Nc3 Bb4 4. Bd2 O-O 5. a3 Bxc3 6. Bxc3 Ne4 7. Qc2 Nxc3 8.
Qxc3 b6 9. e4 f5 10. Bd3 Bb7 11. d5 fxe4 12. Bxe4 exd5 13. Bxd5+ Bxd5 14. cxd5 Qe7+ 15. Ne2 c6 16. dxc6 Nxc6 17. Qc4+ Kh8 18. O-O Rae8 19.
Ng3 Ne5 20. Qc2 Qh4 21. Nf5 Qg5 22. Ng3 Qh4 23. Nf5 Qg5 1/2-1/2

[Event "*** Titled Tuesday Blitz"]
[Site "Chess.com"]
[Date "2019.08.06"]
[Round "9"]
[White "Nancy11111"]
[Black "vova-79"]
[Result "1/2-1/2"]
[WhiteElo "2302"]
[BlackElo "2455"]
[TimeControl "180+2"]
[EndTime "15:04:50 PDT"]
[Termination "Game drawn by agreement"]

1. d4 d5 2. c4 c6 3. Nf3 Nf6 4. Nc3 e6 5. g3 dxc4 6. a4 Nbd7 7. Bg2 a5 8. O-O Bb4 9. Qc2 O-O 10. Na2 Nb6 11.
Rd1 Qe7 12. Ne5 Nfd5 13. Nxc4 Nxc4 14. Qxc4 b5 15. axb5 cxb5 16. Qxb5 Ba6 17. Qa4 Bxe2 18. Nxb4 Qxb4 19. Qxb4 axb4 20. Rxa8 Rxa8 21. Re1 Ra1 22. Bxd5 exd5 1/2-1/2

[Event "*** Titled Tuesday Blitz"]
[Site "Chess.com"]
[Date "2019.08.06"]
[Round "9"]
[White "TijanaBlagojevic"]
[Black "KacperPolOK"]
[Result "0-1"]
[WhiteElo "2278"]
[BlackElo "2412"]
[TimeControl "180+2"]
[EndTime "15:04:52 PDT"]
[Termination "KacperPolOK won by resignation"]

1. e4 e6 2. d4 d5 3. Nd2 Nf6 4. e5 Nfd7 5. Bd3 c5 6. c3 Nc6 7. Ne2 cxd4 8. cxd4 f6 9. exf6 Nxf6 10. O-O Bd6 11. Nf3 O-O 12. Bf4 Bxf4 13. Nxf4 Ne4 14. Qc1 Ng5 15. Nxg5 Qxg5 16. Ne2 Qf6 17. Qe3 Bd7 18.
Rac1 Rae8 19. Rc5 b6 20. Rcc1 e5 21. dxe5 Nxe5 22. Qd4 Nf3+ 23. gxf3 Qxf3 24. Qh4 Qxd3 25. Ng3 Re5 26. Rc7 Bb5 27. Qe7 Rxe7 0-1

[Event "*** Titled Tuesday Blitz"]
[Site "Chess.com"]
[Date "2019.08.06"]
[Round "9"]
[White "kasparicy"]
[Black "ChadBiryani"]
[Result "0-1"]
[WhiteElo "2392"]
[BlackElo "2392"]
[TimeControl "180+2"]
[EndTime "15:04:56 PDT"]
[Termination "ChadBiryani won by resignation"]

1. e4 c5 2. Nf3 d6 3. d4 cxd4 4. Nxd4 Nf6 5. Nc3 g6 6. Be3 Bg7 7. Qd2 Ng4 8. O-O-O Nxe3 9. Qxe3 O-O 10. h4 h6 11. f3 Nc6 12. Nxc6 bxc6 13. Bc4 Qa5 14. Bb3 Be6 15. Kb1 Rab8 16. g4 Bxb3 17. cxb3 Qb4 18. h5 g5 19. Ne2 a5 20. f4 a4 21. Nd4 gxf4 22. Qf2 axb3 23. Nxb3 Qxe4+ 24. Ka1 Rxb3 0-1

[Event "*** Titled Tuesday Blitz"]
[Site "Chess.com"]
[Date "2019.08.06"]
[Round "9"]
[White "bluejay1897"]
[Black "doons21"]
[Result "1/2-1/2"]
[WhiteElo "2307"]
[BlackElo "2574"]
[TimeControl "180+2"]
[EndTime "15:04:59 PDT"]
[Termination "Game drawn by repetition"]

1. Nf3 Nf6 2. g3 g6 3. b3 Bg7 4.
Bb2 O-O 5. Bg2 a5 6. a3 b6 7. O-O Bb7 8. c4 d6 9. d4 Nbd7 10. Nc3 Ne4 11. Qc2 Ndf6 12. Nd2 Nxd2 13. Qxd2 Bxg2 14.
Kxg2 d5 15. Rac1 e6 16. cxd5 exd5 17. Nb5 Rc8 18. Na7 Ra8 19. Nb5 Rc8 20. Na7 Ra8 21.
Nb5 1/2-1/2

[Event "*** Titled Tuesday Blitz"]
[Site "Chess.com"]
[Date "2019.08.06"]
[Round "9"]
[White "biostatistician"]
[Black "Everyfishknows"]
[Result "1/2-1/2"]
[WhiteElo "2543"]
[BlackElo "2410"]
[TimeControl "180+2"]
[EndTime "15:05:07 PDT"]
[Termination "Game drawn by repetition"]

1. d4 Nf6 2. Nf3 g6 3. c4 Bg7 4. Nc3 O-O 5. e4 d6 6. Be2 e5 7. dxe5 dxe5 8. Qxd8 Rxd8 9. Bg5 Re8 10. Nd5 Nxd5 11. cxd5 c6 12. Bc4 cxd5 13. Bxd5 Nd7 14. Nd2 Nf6 15. Bxf6 Bxf6 16. Ke2 Be6 17. Bxe6 Rxe6 18.
Nf3 Rc6 19. Rhc1 Rac8 20. Rxc6 Rxc6 21. Kd2 Kf8 22. Rc1 Rxc1 23. Kxc1 Ke7 24. Kc2 Ke6 25. Kd3 b5 26. Kc3 Be7 27. Ne1 Kd7 28. Nd3 f6 29.
a4 bxa4 30. Nb4 Bxb4+ 31. Kxb4 Kc6 32. f3 Kb6 33. Kxa4 a5 34. g4 g5 35. b4 axb4 36.
Kxb4 Kc6 37. Kc4 Kd6 38. Kb5 Kd7 39. Kc5 Kc7 40. Kd5 Kd7 41. Kc5 Kc7 42. Kb5 Kb7 43. Kc5 Kc7 1/2-1/2

[Event "*** Titled Tuesday Blitz"]
[Site "Chess.com"]
[Date "2019.08.06"]
[Round "9"]
[White "Samantha_Ross"]
[Black "Leonid_Starozhilov"]
[Result "0-1"]
[WhiteElo "2094"]
[BlackElo "2675"]
[TimeControl "180+2"]
[EndTime "15:05:11 PDT"]
[Termination "Leonid_Starozhilov won on time"]

1. e4 g6 2. h4 c5 3. h5 Bg7 4.
d3 Nc6 5. h6 Bf6 6. f4 d6 7.
Nf3 e5 8. Nc3 Nge7 9. Nd5 Nxd5 10. exd5 Nd4 11. c3 Nxf3+ 12. Qxf3 O-O 13. Be3 exf4 14.
Qxf4 Re8 15. O-O-O Rxe3 16. Qxe3 Bg5 17. Re1 Bf5 18. Kc2 Bxe3 19. Rxe3 c4 20. Be2 Qg5 21. Kd2 Re8 0-1